 Dungeon Crawl Stone Soup version 0.19.0-19-g8c6edcc (webtiles) character file.

63 AAAAA the Magician (level 4, -1/29 HPs)
             Began as an Octopode Warper on Nov 15, 2016.
             Slain by a gnoll
             ... wielding a +0 club
              (9 damage)
             ... on level 3 of the Dungeon.
             The game lasted 00:01:08 (691 turns).

AAAAA the Magician (Octopode Warper)                 Turns: 691, Time: 00:01:08

Health: -1/29      AC:  1    Str: 10    XL:     4   Next: 10%
Magic:  10/10      EV: 13    Int: 16    God:
Gold:   29         SH:  2    Dex: 11    Spells: 1 memorised, 9 levels left

rFire  . . .     SeeInvis .     a - +0 falchion
rCold  . . .     Gourm    .     (no shield)
rNeg   . . .     Faith    .     (helmet restricted)
rPois  .         Spirit   .     h - +2 amulet of reflection
rElec  .         Reflect  +     (no ring)
rCorr  .         Harm     .     (no ring)
MR     .....                    (no ring)
Stlth  ++........               (no ring)
                                (no ring)
                                (no ring)
                                (no ring)
                                (no ring)

@: no status effects
A: almost no armour, stealthy swim, amphibious, 8 rings, constrict 8, camouflage
1, gelatinous body 1
a: no special abilities


You were on level 3 of the Dungeon.
You were not hungry.

You visited 1 branch of the dungeon, and saw 3 of its levels.

You collected 29 gold pieces.

Inventory:

Hand Weapons
 a - a +0 falchion (weapon)
Missiles
 d - 5 tomahawks of dispersal (quivered)
 g - 17 poisoned needles
Jewellery
 h - a +2 amulet of reflection (around mantle)
Scrolls
 c - a scroll of blinking
 e - 2 scrolls of enchant armour {unknown}
Potions
 j - a potion of heal wounds {unknown}
Books
 b - a book of Spatial Translocations

   Spells                             Type                      Level
   a - Blink                          Translocation                2
   b - Shroud of Golubria             Charms/Translocation         2
   c - Lesser Beckoning               Translocation                3
   d - Portal Projectile              Translocation                3
   e - Teleport Other                 Translocation                3
   f - Passage of Golubria            Translocation                4
Comestibles
 f - a bread ration
 i - a chunk of flesh


   Skills:
 - Level 2.0 Fighting
 - Level 2.0 Long Blades
 - Level 1.0 Throwing
 - Level 2.3 Dodging
 + Level 4.0 Spellcasting
 - Level 3.0 Translocations


You had 9 spell levels left.
You knew the following spells:

 Your Spells              Type           Power        Failure   Level  Hunger
a - Blink                 Tloc           N/A          10%         2    ##.....


Dungeon Overview and Level Annotations

Branches:
Dungeon (3/15)

Altars:


Innate Abilities, Weirdness & Mutations

You cannot wear most types of armour.
You are very stealthy in the water. (Stealth+)
You are amphibious.
You can wear up to eight rings at the same time.
You can use your tentacles to constrict eight enemies at once.
Your skin changes colour to match your surroundings (Stealth+).
Your rubbery body absorbs attacks. (AC +1, EV +1)


Message History

Your Spellcasting skill increases to level 4!
You have reached level 4!
You start resting.
You start resting.
A gnoll is nearby!
The gnoll shouts!
You hear a shout!
You closely miss the gnoll. You grab the gnoll. You constrict the gnoll.
The gnoll hits you with a club!
* * * LOW HITPOINT WARNING * * *
You hit the gnoll.
The gnoll is heavily wounded.
You constrict the gnoll, but do no damage.
The gnoll misses you.
You riposte.
You hit the gnoll.
The gnoll is severely wounded.
Some of the chunks of flesh in your inventory have rotted away.
You hit the gnoll.
The gnoll is severely wounded.
You constrict the gnoll, but do no damage.
The gnoll hits you with a club!
You die...

#.#############.
#......<........
########.######
#.# #@# #### #g#
(.... #)##......
#.g.......
####...... g....
..g. ... ##


You could see 2 gnolls.

Vanquished Creatures
  Natasha (D:2)
  An adder (D:2)
  A gnoll (D:3)
  An ooze (D:1)
  A worm (D:2)
  A dart slug (D:2)
  2 goblins
  3 hobgoblins
  A quokka (D:2)
  A bat (D:1)
13 creatures vanquished.

Notes
Turn   | Place    | Note
-------+----------+-------------------------------------------
     0 | D:1      | AAAAA the Octopode Warper began the quest for the Orb.
     0 | D:1      | Reached XP level 1. HP: 14/14 MP: 3/3
    57 | D:1      | Reached XP level 2. HP: 12/19 MP: 3/5
    61 | D:1      | Learned a level 2 spell: Blink
   260 | D:2      | Reached skill level 3 in Spellcasting
   465 | D:2      | Noticed Natasha
   475 | D:2      | Killed Natasha
   475 | D:2      | Reached XP level 3. HP: 10/24 MP: 8/8
   646 | D:3      | Reached skill level 4 in Spellcasting
   646 | D:3      | Reached XP level 4. HP: 15/29 MP: 10/10
   691 | D:3      | Slain by a gnoll

Skill      XL: |  1  2  3 |
---------------+----------+-----
Spellcasting   | 3 4 |  4.0
Fighting       | |  2.0
Long Blades    | |  2.0
Throwing       | |  1.0
Dodging        | |  2.3
Translocations | |  3.0

Action                   |  1- 3 |  4- 6 || total
-------------------------+-------+-------++-------
Melee: Falchion          |    39 |     3 ||    42
       Constrict         |    11 |     1 ||    12
       Tentacles         |     7 |       ||     7
 Stab: Sleeping          |     1 |       ||     1
Armor: Skin              |     6 |       ||     6
Dodge: Dodged            |    16 |     1 ||    17
Block: Other             |     2 |       ||     2
       Rpst.: Falchion   |     5 |     1 ||     6
